Cogmind - Beta 13 X2 @@@ ROGUE MODE // 2024.01.23 @ 00:33:30 // Winter2022/Polymind Player: Minty Result: Self-destructed Performance ------------- Evolutions (7) 3500 Regions Visited (11) 2200 Robots Destroyed (36) 180 Value Destroyed (1333) 1333 Prototype IDs (0) 0 Alien Tech Used (0) 0 Bonus (3027) 3027 TOTAL SCORE: 10150 Bonus ------- Polymind Skill 2989 High Alert Combat Kills 18 Follower Combat Kills 20 Cogmind --------- Core Integrity 831/1300 Matter 0/0 Energy 92/100 System Corruption 1% Temperature Cool (0) Movement Core (50) Location -3/Research Parts ------- > --- POWER (1) -------- (None) > --- PROPULSION (2) --- (None) > --- UTILITY (0) ------ (None) > --- WEAPON (1) ------- (None) > --- INVENTORY (0) ---- (None) Peak State ------------ > --- POWER ------------ Improved Deuterium Engine > --- PROPULSION ------- Light Treads Light Treads > --- UTILITY ---------- Improved Heat Sink Improved Heat Sink Improved Light Armor Plating > --- WEAPON ----------- Gatling Laser Flak Gun > --- INVENTORY -------- (None) [Rating: 23] Favorites ----------- Power Subdweller Power Source Engine Subdweller Power Source Power Core Light Nuclear Core Propulsion Light Treads Treads Light Treads Leg Carbon-fiber Leg Wheel Subdweller Monowheel Hover Unit Improved Hover Unit Flight Unit VTOL Module Utility Improved Heat Sink Device Improved Heat Sink Storage Small Storage Unit Processor Visual Processing Unit Hackware Hacking Suite Protection Scrap Shield Weapon Backup Laser I Energy Gun Backup Laser I Ballistic Gun Subdweller Machine Gun Special Weapon Mining Laser Special Melee Weapon Improved Datajack Build | -11 -10 -10 -10 -8 -7 -7 -7 -6 -5 -4 -3 ------- Run | Yrd Mat Min Sub Mat Fac Was Fac Fac Fac Fac Res Slots Evolved . | . . . . . . . . . . . . Power . | . . . . . . . . . . . . Propulsion . | . . . . . . . . . . . . Utility . | . . . . . . . . . . . . Weapon . | . . . . . . . . . . . . Parts Attached . | . . . . . . . . . . . . Power . | . . . . . . . . . . . . Engine . | . . . . . . . . . . . . Core . | . . . . . . . . . . . . Reactor . | . . . . . . . . . . . . Propulsion . | . . . . . . . . . . . . Treads . | . . . . . . . . . . . . Leg . | . . . . . . . . . . . . Wheel . | . . . . . . . . . . . . Hover . | . . . . . . . . . . . . Flight . | . . . . . . . . . . . . Utility . | . . . . . . . . . . . . Device . | . . . . . . . . . . . . Storage . | . . . . . . . . . . . . Processor . | . . . . . . . . . . . . Hackware . | . . . . . . . . . . . . Protection . | . . . . . . . . . . . . Artifact . | . . . . . . . . . . . . Weapon . | . . . . . . . . . . . . Energy Gun . | . . . . . . . . . . . . Energy Cannon . | . . . . . . . . . . . . Ballistic Gun . | . . . . . . . . . . . . Ballistic Cannon . | . . . . . . . . . . . . Launcher . | . . . . . . . . . . . . Special Weapon . | . . . . . . . . . . . . Impact Weapon . | . . . . . . . . . . . . Slashing Weapon . | . . . . . . . . . . . . Piercing Weapon . | . . . . . . . . . . . . Special Melee Weapon . | . . . . . . . . . . . . Unidentified Prototypes . | . . . . . . . . . . . . Parts Lost 29 | . . . 1 4 4 . 1 4 7 7 1 Power 4 | . . . . . . . 1 . 1 2 . Propulsion 10 | . . . . 1 1 . . 2 2 3 1 Utility 9 | . . . 1 2 2 . . 1 3 . . Weapon 6 | . . . . 1 1 . . 1 1 2 . Highest Loss Streak 7 | . . . 1 2 3 . 1 2 7 7 1 To Critical Strikes . | . . . . . . . . . . . . Average Slot Usage (%) 75 | . 50 100 86 83 91 55 28 65 88 77 15 Engine 9 | . 8 16 14 10 13 11 . . 12 8 . Core 1 | . . . . 4 . . 5 . . 4 . Treads 3 | . . . . 2 15 . . . . . . Leg 5 | . . . . 9 . . 11 24 . . . Wheel 6 | . . 11 19 8 6 22 . . . . . Hover 5 | . 16 22 . . . . . . 25 18 . Flight 2 | . . . . . . . . . . 12 15 Device 15 | . 8 21 28 25 23 11 . . 11 8 . Storage 1 | . . . . . 3 11 . . . . . Processor 4 | . 16 22 . . . . 5 10 4 18 . Hackware 2 | . . . . . . . . . 22 . . Protection 4 | . . . 8 5 9 . . . . . . Energy Gun 6 | . . . 3 8 8 . . 30 . . . Ballistic Gun 5 | . . . 6 8 10 . 6 . . 4 . Naked Turns 215 | . 19 . 11 3 5 40 103 . 5 2 27 Heaviest Build 30 | . 4 6 30 30 23 9 11 2 7 8 . Greatest Support 40 | 3 12 20 20 40 40 32 30 30 14 14 4 Greatest Overweight (x) 1 | . . . 1 1 1 . . . . . . Average Overweight (x) . | . . . . . . . . . . . . Largest Inventory Capacity 4 | . . . 2 2 4 4 1 1 1 . . Average Capacity 1 | . . . 1 1 1 2 . 1 . . . Most Carried 2 | . . . 2 1 2 2 . . . . . Average Carried . | . . . . . . 1 . . . . . Final Capacity 4 | . . . 2 1 4 . 1 1 . . . Final Carried 2 | . . . . . 2 . . . . . . Class Distribution -------------------- 19% | Subdweller 18% | Sentry 14% | Hunter 9% | Watcher 9% | Cogmind 7% | Swarmer 7% | Operator 5% | Recycler 4% | Tunneler 3% | Grunt Dominant Class ---------------- Watcher | -10/Materials Watcher | -10/Mines Subdweller | -10/Subcaves Subdweller | -8/Materials Sentry | -7/Factory Recycler | -7/Waste Cogmind | -7/Factory Hunter | -6/Factory Operator | -5/Factory Watcher | -4/Factory Swarmer | -3/Research Resources | -11 -10 -10 -10 -8 -7 -7 -7 -6 -5 -4 -3 ----------- Run | Yrd Mat Min Sub Mat Fac Was Fac Fac Fac Fac Res Matter Collected 357 | . . . 28 99 49 . . 76 . 32 73 Remotely . | . . . . . . . . . . . . Salvage Created 1084 | . . . 79 279 330 . 89 201 42 64 . Parts 68 | . . . 7 16 20 . 5 11 3 6 . Haulers Intercepted . | . . . . . . . . . . . . Recyclers Shooed 4 | . . . . . 2 . . 2 . . . Parts Field Recycled . | . . . . . . . . . . . . Retrieved Matter . | . . . . . . . . . . . . Parts Self-Destructed 5 | . . . 5 . . . . . . . . Prevented . | . . . . . . . . . . . . Kills | -11 -10 -10 -10 -8 -7 -7 -7 -6 -5 -4 -3 ------- Run | Yrd Mat Min Sub Mat Fac Was Fac Fac Fac Fac Res Combat Hostiles Destroyed 29 | . . . 4 8 10 . 1 3 1 2 . Melee 1 | . . . . . . . . . 1 . . Guns 28 | . . . 4 8 10 . 1 3 . 2 . Classes Destroyed 11 | . . . 3 2 4 . 2 . . . . Worker 2 | . . . . . 1 . 1 . . . . Builder 3 | . . . . 1 . . . 2 . . . Tunneler 1 | . . . 1 . . . . . . . . Recycler 1 | . . . . . . . 1 . . . . Swarmer 7 | . . . . . 4 . . . 1 2 . Grunt 16 | . . . 2 7 4 . . 3 . . . Brawler 1 | . . . . 1 . . . . . . . Duelist 1 | . . . . . 1 . . . . . . Sentry 1 | . . . . . 1 . . . . . . Hunter 1 | . . . . . . . 1 . . . . Subdweller 2 | . . . 2 . . . . . . . . Best Kill Streak 4 | . . . 2 4 4 . 3 2 1 2 . Combat Bots Only 4 | . . . 2 4 4 . 1 1 1 2 . Max Kills in Single Turn 2 | . . . 1 1 1 . 2 1 1 1 . Gunslinging . | . . . . . . . . . . . . Exploded . | . . . . . . . . . . . . Melee 1 | . . . . . . . . . 1 . . Uniques/NPCs Destroyed . | . . . . . . . . . . . . Combat | -11 -10 -10 -10 -8 -7 -7 -7 -6 -5 -4 -3 -------- Run | Yrd Mat Min Sub Mat Fac Was Fac Fac Fac Fac Res Hostile Shots Fired 496 | . . . 40 93 120 2 35 37 60 73 36 Missed 137 | . . . 7 12 32 1 6 5 36 24 14 Damage Taken 5899 | . . . 612 1254 1176 45 376 668 404 879 485 Core 2527 | . . . 175 374 311 45 187 390 177 399 469 Absorbed by Shields . | . . . . . . . . . . . . Ignored by Resistances 72 | . . . . . . . 72 . . . . Regen/Repaired (Parts) 79 | . . . . 79 . . . . . . . Core Remaining (%) 55 | 100 . . 30 32 . . 22 54 82 65 . Volleys Fired 195 | . . . 29 56 33 . 12 34 . 31 . Largest 2 | . . . 1 2 2 . 2 2 . 1 . Hottest 108 | . . . 100 79 108 . 60 60 . 23 . Shots Fired 252 | . . . 28 65 49 . 23 56 . 31 . Gun 250 | . . . 26 65 49 . 23 56 . 31 . Cannon . | . . . . . . . . . . . . Launcher . | . . . . . . . . . . . . Special 2 | . . . 2 . . . . . . . . Kinetic 128 | . . . 9 34 33 . 21 . . 31 . Thermal 124 | . . . 19 31 16 . 2 56 . . . Explosive . | . . . . . . . . . . . . Electromagnetic . | . . . . . . . . . . . . Robot Hit Streak 14 | . . . 5 12 7 . 8 14 . 6 . Robot Miss Streak 17 | . . . 2 2 17 . 1 2 . 5 . Penetration Max . | . . . . . . . . . . . . Secondary Targets 1 | . . . . . . . . 1 . . . Max Gunslinging Chain 1 | . . . . . . . . 1 . . . Shots Hit Robots 193 | . . . 17 49 42 . 19 46 4 16 . Core Hits 111 | . . . 10 19 49 . 6 20 1 6 . Critical Kills 1 | . . . . 1 . . . . . . . Critical Parts Destroyed 1 | . . . 1 . . . . . . . . Critical Strikes 4 | . . . 1 3 . . . . . . . Burn 2 | . . . . 2 . . . . . . . Destroy 2 | . . . 1 1 . . . . . . . Melee Attacks 4 | . . . . . . . . . 4 . . Impact . | . . . . . . . . . . . . Slashing . | . . . . . . . . . . . . Piercing . | . . . . . . . . . . . . Sneak Attacks 4 | . . . . . . . . . 4 . . Combat Hostiles 3 | . . . . . . . . . 3 . . Follow-up Attacks . | . . . . . . . . . . . . Damage Inflicted 3232 | . . . 393 897 887 . 366 410 23 256 . Guns 3066 | . . . 380 894 885 . 244 410 . 253 . Cannons . | . . . . . . . . . . . . Explosions 122 | . . . . . . . 122 . . . . Melee . | . . . . . . . . . . . . Ramming 44 | . . . 13 3 2 . . . 23 3 . Kinetic 1628 | . . . 119 507 525 . 224 . . 253 . Thermal 1560 | . . . 261 387 360 . 142 410 . . . Explosive . | . . . . . . . . . . . . Electromagnetic . | . . . . . . . . . . . . Impact . | . . . . . . . . . . . . Slashing . | . . . . . . . . . . . . Piercing . | . . . . . . . . . . . . Highest Corruption 7 | . . . . 2 . 7 7 . 1 3 1 Average Corruption 3 | . . . . 2 . 7 7 . 1 2 1 Corruption Purged . | . . . . . . . . . . . . Corruption Blocked . | . . . . . . . . . . . . Effects 13 | . . . . 7 . . 5 . . 1 . Message Errors 1 | . . . . 1 . . . . . . . Matter Fused 3 | . . . . 3 . . . . . . . Heat Flow Errors 3 | . . . . 1 . . 2 . . . . Energy Discharges 1 | . . . . 1 . . . . . . . Data Loss (minor) 2 | . . . . 1 . . 1 . . . . Alerts 2 | . . . . . . . 1 . . 1 . Weapon Failures 1 | . . . . . . . 1 . . . . Overload Shots . | . . . . . . . . . . . . Overflow Damage . | . . . . . . . . . . . . Projectiles . | . . . . . . . . . . . . Explosions . | . . . . . . . . . . . . Melee . | . . . . . . . . . . . . Knockbacks . | . . . . . . . . . . . . Impact . | . . . . . . . . . . . . Kinetic . | . . . . . . . . . . . . Secondary . | . . . . . . . . . . . . Self-Inflicted Damage 17 | . . . 5 . . . . . 11 1 . Shots . | . . . . . . . . . . . . Rammed 11 | . . . 6 1 1 . . . 2 1 . Targets Rammed 11 | . . . 6 1 1 . . . 2 1 . Kicked . | . . . . . . . . . . . . Crushed . | . . . . . . . . . . . . Highest Temperature 220 | . . . 149 198 134 . 220 40 33 82 . Average Temperature 61 | . . . 67 77 53 . 115 13 12 36 . Received Heat Transfer 1963 | . . . 141 801 297 . 90 324 108 184 18 Siege Activations . | . . . . . . . . . . . . Robots Corrupted . | . . . . . . . . . . . . Combat Hostiles . | . . . . . . . . . . . . Parts Fried . | . . . . . . . . . . . . Impact Corruptions . | . . . . . . . . . . . . Robots Melted . | . . . . . . . . . . . . Combat Hostiles . | . . . . . . . . . . . . Parts Melted 8 | . . . 1 2 1 . . 4 . . . Heat Transferred 4060 | . . . 300 1110 774 . 174 1702 . . . Parts Sabotaged . | . . . . . . . . . . . . Parts Stolen . | . . . . . . . . . . . . Parts Stripped . | . . . . . . . . . . . . Power Chain Reactions . | . . . . . . . . . . . . Missiles Intercepted . | . . . . . . . . . . . . Alert | -11 -10 -10 -10 -8 -7 -7 -7 -6 -5 -4 -3 ------- Run | Yrd Mat Min Sub Mat Fac Was Fac Fac Fac Fac Res Peak Influence 455 | . 27 16 . 272 455 99 265 354 309 255 298 Initial 172 | . . 16 . 26 123 99 69 124 172 136 123 Average 188 | . 7 15 . 137 269 99 103 202 245 203 183 Maximum Alert Level 2 | . . . . 1 2 . 1 1 1 1 1 Low Security (%) 56 | 100 100 100 . 87 20 100 83 67 42 26 67 Level 1 41 | . . . . 12 69 . 16 32 57 73 32 Level 2 2 | . . . . . 9 . . . . . . Level 3 . | . . . . . . . . . . . . Level 4 . | . . . . . . . . . . . . Level 5 . | . . . . . . . . . . . . High Security . | . . . . . . . . . . . . Max Security . | . . . . . . . . . . . . Squads Dispatched 16 | . . . . 2 4 . 2 1 1 1 5 Investigation 12 | . . . . 1 3 . 2 1 1 1 3 Extermination . | . . . . . . . . . . . . Reinforcement 4 | . . . . 1 1 . . . . . 2 Assault . | . . . . . . . . . . . . Garrison . | . . . . . . . . . . . . Intercept . | . . . . . . . . . . . . Searches Triggered . | . . . . . . . . . . . . Construction Impeded . | . . . . . . . . . . . . Haulers Reinforced . | . . . . . . . . . . . . Active Scanning Responses . | . . . . . . . . . . . . Cargo Convoy Interrupts . | . . . . . . . . . . . . Stealth | -11 -10 -10 -10 -8 -7 -7 -7 -6 -5 -4 -3 --------- Run | Yrd Mat Min Sub Mat Fac Was Fac Fac Fac Fac Res Distress Signals 1 | . . . . . . . . . . . 1 Communications Jammed . | . . . . . . . . . . . . Distress Signals . | . . . . . . . . . . . . Times Spotted 99 | . 1 . 9 19 14 6 6 3 12 12 17 Peak Tracking Total 15 | . 1 . 2 3 5 6 3 2 8 7 15 Tactical Retreats 4 | . . . . . 1 . . . . 1 2 Traps | -11 -10 -10 -10 -8 -7 -7 -7 -6 -5 -4 -3 ------- Run | Yrd Mat Min Sub Mat Fac Was Fac Fac Fac Fac Res Traps Triggered 5 | . . . . 1 1 . 1 1 . 1 . Indirectly . | . . . . . . . . . . . . Trap Hack Attempts 21 | . . . . . . . . . 21 . . Triggered . | . . . . . . . . . . . . Disarmed . | . . . . . . . . . . . . Reprogrammed 2 | . . . . . . . . . 2 . . Reused . | . . . . . . . . . . . . Traps Extracted . | . . . . . . . . . . . . Installed . | . . . . . . . . . . . . Triggered . | . . . . . . . . . . . . Machines | -11 -10 -10 -10 -8 -7 -7 -7 -6 -5 -4 -3 ---------- Run | Yrd Mat Min Sub Mat Fac Was Fac Fac Fac Fac Res Machines Disabled 10 | . . . . 2 . . 8 . . . . Max in Single Turn 8 | . . . . 1 . . 8 . . . . Garrison Access 1 | . . . . . . . . 1 . . . Machines Repaired . | . . . . . . . . . . . . Machines Dismantled . | . . . . . . . . . . . . Machines Sabotaged . | . . . . . . . . . . . . Overloaded Fab Kills . | . . . . . . . . . . . . Hacking | -11 -10 -10 -10 -8 -7 -7 -7 -6 -5 -4 -3 --------- Run | Yrd Mat Min Sub Mat Fac Was Fac Fac Fac Fac Res Machines Accessed 17 | . . . . 3 4 . 3 1 2 1 3 Terminals 9 | . . . . 2 2 . 1 . 1 1 2 Fabricators 1 | . . . . . 1 . . . . . . Repair Stations 4 | . . . . 1 . . 2 . . . 1 Recycling Units . | . . . . . . . . . . . . Scanalyzers 2 | . . . . . 1 . . . 1 . . Garrison Access 1 | . . . . . . . . 1 . . . Total Hacks 48 | . . . . 10 13 . 9 1 4 3 8 Successful 20 | . . . . 3 7 . 2 1 4 1 2 Failed 28 | . . . . 7 6 . 7 . . 2 6 Catastrophic 6 | . . . . . 2 . . . . 1 3 Database Lockouts . | . . . . . . . . . . . . Manual 19 | . . . . 4 6 . 4 1 1 3 . Terminals 30 | . . . . 7 8 . 3 . 3 3 6 Fabricators 3 | . . . . . 3 . . . . . . Repair Stations 11 | . . . . 3 . . 6 . . . 2 Recycling Units . | . . . . . . . . . . . . Scanalyzers 3 | . . . . . 2 . . . 1 . . Garrison Access 1 | . . . . . . . . 1 . . . Terminal Hacks 8 | . . . . . 3 . . . 3 . 2 Branch Access Points 1 | . . . . . . . . . . . 1 Fabricator Index 1 | . . . . . 1 . . . . . . Recycling Unit Index 1 | . . . . . . . . . 1 . . Alert Level 2 | . . . . . 1 . . . 1 . . Locate Traps 2 | . . . . . 1 . . . . . 1 Zone Layout 1 | . . . . . . . . . 1 . . Fabricator Hacks 2 | . . . . . 2 . . . . . . Network Status 1 | . . . . . 1 . . . . . . Build 1 | . . . . . 1 . . . . . . Repair Station Hacks 5 | . . . . 3 . . 2 . . . . Scan Component 1 | . . . . 1 . . . . . . . Repair 1 | . . . . 1 . . . . . . . Refit 3 | . . . . 1 . . 2 . . . . Recycling Unit Hacks . | . . . . . . . . . . . . Scanalyzer . | . . . . . . . . . . . . Garrison Access Hacks . | . . . . . . . . . . . . Unauthorized Hacks 5 | . . . . . 2 . . 1 1 1 . Terminals 1 | . . . . . . . . . . 1 . Botnet 1 | . . . . . . . . . . 1 . Fabricators 1 | . . . . . 1 . . . . . . Download 1 | . . . . . 1 . . . . . . Repair Stations . | . . . . . . . . . . . . Recycling Units . | . . . . . . . . . . . . Scanalyzers 2 | . . . . . 1 . . . 1 . . Extract 2 | . . . . . 1 . . . 1 . . Garrison Access 1 | . . . . . . . . 1 . . . Jam 1 | . . . . . . . . 1 . . . Data Cores Recovered . | . . . . . . . . . . . . Used . | . . . . . . . . . . . . Hacking Detections 15 | . . . . 3 4 . 3 . 1 1 3 Full Trace Events 8 | . . . . 1 1 . 2 . . 1 3 Feedback Events 2 | . . . . . . . . . . 1 1 Corruption 2 | . . . . . . . . . . 1 1 Feedback Blocked . | . . . . . . . . . . . . Robot Schematics Acquired . | . . . . . . . . . . . . Robots Built . | . . . . . . . . . . . . Authchips . | . . . . . . . . . . . . Time . | . . . . . . . . . . . . Total Robot Build Rating . | . . . . . . . . . . . . Part Schematics Acquired 5 | . . . . . 2 . . . 3 . . Parts Built . | . . . . . . . . . . . . Authchips . | . . . . . . . . . . . . Time 42 | . . . . . 42 . . . . . . Total Part Build Rating . | . . . . . . . . . . . . Parts Repaired 1 | . . . . 1 . . . . . . . Time 32 | . . . . 32 . . . . . . . Parts Recycled . | . . . . . . . . . . . . Recycled Matter . | . . . . . . . . . . . . Retrieved Matter . | . . . . . . . . . . . . Retrieved Components . | . . . . . . . . . . . . Parts Scanalyzed . | . . . . . . . . . . . . Part Schematics Acquired . | . . . . . . . . . . . . Parts Damaged . | . . . . . . . . . . . . Bothacking | -11 -10 -10 -10 -8 -7 -7 -7 -6 -5 -4 -3 ------------ Run | Yrd Mat Min Sub Mat Fac Was Fac Fac Fac Fac Res Used RIF Installer . | . . . . . . . . . . . . Robots Hacked 11 | . 1 . . 2 2 . 1 . 3 2 . Non-combat 5 | . 1 . . . 1 . . . 3 . . Combat 6 | . . . . 2 1 . 1 . . 2 . Robot Hacks Applied 19 | . 2 . . 4 3 . 2 . 4 4 . no_distress 1 | . . . . . . . . . 1 . . find_recycling 1 | . . . . . 1 . . . . . . find_terminals 1 | . . . . . . . . . 1 . . map_route 2 | . 1 . . . . . . . 1 . . mark_security 2 | . 1 . . . . . . . 1 . . find_shortcuts 6 | . . . . 2 1 . 1 . . 2 . find_garrison 6 | . . . . 2 1 . 1 . . 2 . Relay Couplers Released . | . . . . . . . . . . . . Fabnet Peak Effective % . | . . . . . . . . . . . . Robots Rewired 1 | . . . . . . . . . 1 . . Allies Hacked . | . . . . . . . . . . . . Hacks Repelled . | . . . . . . . . . . . . Allies | -11 -10 -10 -10 -8 -7 -7 -7 -6 -5 -4 -3 -------- Run | Yrd Mat Min Sub Mat Fac Was Fac Fac Fac Fac Res Total Allies 1 | . . . . . . . . . 1 . . Largest Group 1 | . . . . . . . . . 1 . . Highest-Rated Group 29 | . . . . . . . . . 29 . . Highest-Rated Ally 29 | . . . . . . . . . 29 . . Total Orders . | . . . . . . . . . . . . Ally Attacks 2 | . . . . . . . . . 2 . . Total Damage 39 | . . . . . . . . . 39 . . Kills 1 | . . . . . . . . . 1 . . Allies Corrupted . | . . . . . . . . . . . . Allies Melted . | . . . . . . . . . . . . Intel | -11 -10 -10 -10 -8 -7 -7 -7 -6 -5 -4 -3 ------- Run | Yrd Mat Min Sub Mat Fac Was Fac Fac Fac Fac Res Robot Analysis Total 11 | . 1 1 1 2 2 . 1 . 2 1 . Derelict Logs Recovered . | . . . . . . . . . . . . Drone Launches . | . . . . . . . . . . . . Drone Recoveries . | . . . . . . . . . . . . Exploration | -11 -10 -10 -10 -8 -7 -7 -7 -6 -5 -4 -3 ------------- Run | Yrd Mat Min Sub Mat Fac Was Fac Fac Fac Fac Res Turns Passed 2272 | 5 42 30 294 397 443 91 156 255 215 266 78 Spaces Moved 2264 | 11 79 42 226 204 218 132 220 178 328 428 198 Core 542 | 11 37 . 11 6 10 82 205 69 57 1 53 Treads 156 | . . . . 14 142 . . . . . . Legs 170 | . . . . 46 . . 15 109 . . . Wheels 476 | . . 7 215 138 66 50 . . . . . Hover 601 | . 42 35 . . . . . . 271 253 . Flight 319 | . . . . . . . . . . 174 145 Fastest Speed 32 | 50 50 56 50 50 50 50 50 50 50 32 35 Average Speed 75 | 50 53 60 99 118 148 68 54 92 55 47 39 Slowest Speed 240 | 50 56 80 120 160 240 100 120 120 60 56 50 Overloaded Moves . | . . . . . . . . . . . . Propulsion Burnouts . | . . . . . . . . . . . . Robots Hopped 9 | . . . . . . . . . . 8 1 Cave-ins Triggered . | . . . . . . . . . . . . Exploration Rate (%) 20 | 2 31 13 31 24 9 79 8 5 13 18 9 Regions Visited 11 Branch Regions 2 Pre-discovered Areas . | . . . . . . . . . . . . Known Exits Taken 2 | . 1 . . . . . . . 1 . . Unknown Exits Taken 7 | 1 . 1 1 1 . . 1 1 . 1 . Scrap Searched 1 | . . . 1 . . . . . . . . Spaces Dug . | . . . . . . . . . . . . Terrain Destroyed 23 | . . . . 1 . . 22 . . . . Melee . | . . . . . . . . . . . . Projectile 1 | . . . . 1 . . . . . . . AOE 22 | . . . . . . . 22 . . . . Terrain Rammed . | . . . . . . . . . . . . Walls Destroyed . | . . . . . . . . . . . . Machines Disabled . | . . . . . . . . . . . . Actions | -11 -10 -10 -10 -8 -7 -7 -7 -6 -5 -4 -3 --------- Run | Yrd Mat Min Sub Mat Fac Was Fac Fac Fac Fac Res Total 2565 | 10 78 46 264 294 285 131 231 211 361 457 197 Wait 79 | . . . . 33 33 . . . 7 6 . Move 2236 | 10 78 41 225 203 218 131 219 177 327 411 196 Hop 9 | . . . . . . . . . . 8 1 Pick Up 1 | . . . . 1 . . . . . . . Fast Attach . | . . . . . . . . . . . . Attach . | . . . . . . . . . . . . Detach . | . . . . . . . . . . . . Swap . | . . . . . . . . . . . . Drop 2 | . . . 2 . . . . . . . . Fire 195 | . . . 29 56 33 . 12 34 . 31 . Melee 4 | . . . . . . . . . 4 . . Ram 9 | . . . 6 . . . . . 2 1 . Kick . | . . . . . . . . . . . . Crush 2 | . . . . 1 1 . . . . . . Escape Stasis . | . . . . . . . . . . . . Rewire . | . . . . . . . . . . . . Trap 21 | . . . . . . . . . 21 . . Miscellaneous 7 | . . 5 2 . . . . . . . . Route ------- -11/Scrapyard -10/Materials -10/Mines -10/Subcaves -8/Materials -7/Factory -7/Waste -7/Factory -6/Factory -5/Factory (discovered 2 exits: *Fac / [Upp]) -4/Factory -3/Research (discovered 2 exits: Tes x2) History --------- Turn | Location | Event 1 | -11/Scrapyard | Discovered new exit (range 2) 6 | -11/Scrapyard | Entered Materials 41 | -10/Materials | Discovered new exit (range 12) 47 | -10/Materials | Identified exit to Mines 48 | -10/Materials | Entered Mines 75 | -10/Mines | Discovered new exit (range 3) 78 | -10/Mines | Entered Subcaves 114 | -10/Subcaves | Shifting Twisted Machinery released Barrage Gun 116 | -10/Subcaves | Shifting Twisted Machinery released Sub. Machine Gun 243 | -10/Subcaves | Core integrity fell below 50% 360 | -10/Subcaves | Discovered new exit (range 12) 372 | -10/Subcaves | Entered Materials 597 | -8/Materials | Repaired Sub. Machine Gun 651 | -8/Materials | Core integrity fell below 50% 708 | -8/Materials | Discovered new exit (range 3) 769 | -8/Materials | Entered Factory 1165 | -7/Factory | Lost 3 parts (1n2u) 1212 | -7/Factory | Sucked down chute 1212 | -7/Factory | Entered Waste 1227 | -7/Waste | EMP discharged 1248 | -7/Waste | Spotted C-40 Crusher 1265 | -7/Waste | Spotted C-40 Crusher 1266 | -7/Waste | Spotted C-40 Crusher 1270 | -7/Waste | Spotted C-40 Crusher 1272 | -7/Waste | Core integrity fell below 50% 1274 | -7/Waste | Spotted C-40 Crusher 1275 | -7/Waste | Spotted C-40 Crusher 1291 | -7/Waste | Discovered new exit (range 13) 1303 | -7/Waste | Entered Factory 1405 | -7/Factory | Discovered new exit (range 7) 1459 | -7/Factory | Entered another Factory area 1706 | -6/Factory | Discovered new exit (range 12) 1714 | -6/Factory | Entered another Factory area 1717 | -5/Factory | Spotted B-75 Beast 1898 | -5/Factory | Discovered new exit (range 32) 1898 | -5/Factory | Discovered new exit (range 83) 1916 | -5/Factory | Identified exit to Factory 1925 | -5/Factory | Lost 7 parts (1p2n3u1w) 1929 | -5/Factory | Entered another Factory area 2166 | -4/Factory | Lost 7 parts (2p3n2w) 2192 | -4/Factory | Discovered new exit (range 9) 2195 | -4/Factory | Entered Research 2235 | -3/Research | Identified exit to Testing 2273 | -3/Research | Self-destructed Last Messages --------------- 02231_ Knocked back. 02235_ Connecting with Terminal... >>Access(Branch) Found 2 branch access points: (15,92) Testing (168,41) Testing Map updated. 02235_ ALERT: Suspicious activity at Terminal R004. Dispatching Investigation squad. 02238_ ALERT: Hostiles spotted, dispatching reinforcements to Terminal R006. 02246_ VTOL Module destroyed. 02246_ Lost control of S-27 Virus. 02247_ Slug penetrates G-67 Veteran. 02247_ Slug penetrates Wall. 02261_ O-24 Administrator: "IFF HANDSHAKE FAILED. SECURING TERMINAL." 02264_ O-24 Administrator uses terminal to summon reinforcements. 02264_ ALERT: Hostiles spotted, dispatching reinforcements to Terminal R020. 02264_ O-24 Administrator locks terminal. Map ----- +----------------------------------------------------+ | ???????????????????????????????????????????## | | ????????????????????????????????????????????###### | | ????????????????????????????????????????????????# | | ??????????????????????????????????????????##????# | | ??????????????????????????????????????????# ### | | ??????????????????????????????????????????# ! | | ??????????????????????????????????????????# ### | | ??????????????????????????????????????????##????# | | ????????????????????????????????????????????????# | | ????????????????????????????????????????????+#### | | ????????????????????????????????????????????? + | | ????????????????????????????????????????????? # | | ????????????????????????????????????????????"" # | | ???????????????????????????????????????????""" # | | ???????????????????????????????????????????""" # | | ????????????????????????????????????????? # | | ??????????????????????????????????????? # | | ????????????????????????????????????? """"""" # | | ?????????????????????????????????????? """"""" # | | ????????????????????????????????????????"""""" # | | ???????????????????????????????####?????? # | | ???????????????????????????????#T"#??????? ?# | | ???????????###+######+########## "##########+#### | | ?????????? u sss | | ?????????? Rs | | ?????????? @ | | ?????????? u o | | ????????????##+###### #########" ############## | | ????????????????????# ????????#"T#????????????? | | ????????????????????# ????????####????????????? | | ????????????????????# ????????????????????????? | | ????????????????????# ?????????????????????????? | | ????????????????????# ?????????????????????????? | | ????????????????????# ?????????????????????????? | | ????????????????????# ?????????????????????????? | | ????????????????????# ??????????????????????????? | | ????????????????????# ??????????????????????????? | | ????????????????????# ??????????????????????????? | | ???????????????????? ??????????????????????????? | | ????????????????????? ???????????????????????????? | | ?????????????????????????????????????????????????? | | ?????????????????????????????????????????????????? | | ?????????????????????????????????????????????????? | | ?????????????????????????????????????????????????? | | ?????????????????????????????????????????????????? | | ?????????????????????????????????????????????????? | | ?????????????????????????????????????????????????? | | ?????????????????????????????????????????????????? | | ?????????????????????????????????????????????????? | | ?????????????????????????????????????????????????? | +----------------------------------------------------+ Best States ------------- Heat Dissipation 43 Coolant Potential 50 Energy Generation 21 Energy Capacity 240 Matter Stores 200 Matter Capacity 200 Sight Range 19 Robot Scan Range 15 Terrain Scan Range 16 Terrain Scan Density 10 Armor Coverage 800 Resistance: KI 25 Resistance: EX 50 Resistance: I 25 Evasion (%) 63 Targeting Accuracy 5 Recoil Reduction 2 Offensive Hacking 10 Defensive Hacking 10 Item Schematics ----------------- Gatling Laser | -7/Factory | Downloaded Med. Matter Pod | -7/Factory | Extracted Imp. Coolant Injector | -5/Factory | Extracted Adv. Plasma Cannon | -5/Factory | Extracted Launcher Loader | -5/Factory | Extracted Robot Schematics ------------------ None Fabricated ------------ Nothing Alien Tech Used ----------------- None Achievements -------------- None Challenges ------------ None Polymind | -11 -10 -10 -10 -8 -7 -7 -7 -6 -5 -4 -3 ---------- Run | Yrd Mat Min Sub Mat Fac Was Fac Fac Fac Fac Res Hosts 13 | . 1 1 2 2 2 . 1 . 2 2 . Combat Hostiles 8 | . . . 2 2 1 . 1 . . 2 . Allies . | . . . . . . . . . . . . Unique Host Classes 9 | . 1 1 1 2 1 . 1 . 1 1 . Average Host Suspicion 77 | . 26 4 70 88 88 9 100 80 67 82 46 Unsuspicious Activity 285 | . 6 27 192 . 31 . . . 29 . . Returns to Shadow . | . . . . . . . . . . . . Fuzzy Dispatches . | . . . . . . . . . . . . Protomatter Created 341 | . . . 131 107 47 . 17 30 9 . . Used 284 | . 12 5 66 53 56 . 34 . 30 28 . Decayed 123 | . . . 104 . 19 . . . . . . Highest Spend 51 | . 12 5 33 30 51 . 34 . 23 14 . Top 5 Hosts by Kills: Y-54 Guardian (-7/Factory: 10) 6F-N96(R) (-10/Subcaves: 6) H-55 Commando (-7/Factory: 4) Y-45 Defender (-8/Materials: 3) CU-MOQ(R) (-10/Subcaves: 2) Game ------ Seed BiocellTerrabombInverter Manual? 0 Play Time 00:18:07 Cumulative 614.9 hours Start 2024.01.23 @ 00:16:35 End 2024.01.23 @ 00:33:30 Sessions 1 Manual Loads 0 Difficulty Rogue Special Mode Winter2022/Polymind Game No. 563 Rogue 290 Adventurer 123 Explorer 150 Win Type - Total 25 Types 19/0/4/1/0/0/0/1/0 Lore% 79 Gallery% 90 Achievement% 75 Wizard Run 0 Options --------- ASCII 0 Keyboard 1 Movement Numpad Keybinds 0 Fullscreen 2 Font 18/X11Bold Map View 76x50 Zoom Use 1% Tactical HUD 1 Map Filters NONE Filters NONE Steam 1 RUN: ace33c20-06ff-467e-817d-6d1c08bb15a1